 Dungeon Crawl Stone Soup version 0.21.1-1-g345015f (webtiles) character file.

125 Alarkh the Slasher (level 5, -2/32 HPs)
             Began as a Gargoyle Monk on Feb 5, 2018.
             Slain by a gnoll (4 damage)
             ... on level 3 of the Dungeon.
             The game lasted 00:02:51 (2208 turns).

Alarkh the Slasher (Gargoyle Monk)                  Turns: 2208, Time: 00:02:52

Health: -2/32      AC: 10    Str: 13 (15) XL:     5   Next: 9%
Magic:  5/5        EV: 11    Int: 10 (11) God:
Gold:   136        SH:  0    Dex: 12 (15) Spells: 4/4 levels left

rFire    . . .     SeeInvis .   a - +0 falchion
rCold    . . .     Gourm    .   (no shield)
rNeg     + . .     Faith    .   f - -2 ring mail (curse)
rPois    ∞         Spirit   .   k - +2 hat
rElec    +         Reflect  .   (no cloak)
rCorr    .         Harm     .   (no gloves)
MR       .....                  m - +0 pair of boots
Stlth    +.........             p - amulet of inaccuracy (curse)
HPRegen  0.10/turn              i - +3 ring of dexterity
MPRegen  0.09/turn              (no ring)

@: flying
A: negative energy resistance 1, electricity resistance, unbreathing,
petrification resistance, rot immunity, AC +4
a: no special abilities


You were on level 3 of the Dungeon.
You were not hungry.

You visited 1 branch of the dungeon, and saw 4 of its levels.

You collected 136 gold pieces.

Inventory:

Hand Weapons
 a - a +0 falchion (weapon)
Missiles
 h - 5 javelins of penetration (quivered)
Armour
 b - a +0 robe
 f - a cursed -2 ring mail (worn)
 k - a +2 hat (worn)
 m - a +0 pair of boots (worn)
Jewellery
 i - a +3 ring of dexterity (left hand)
 p - a cursed amulet of inaccuracy (around neck)
Wands
 o - a wand of scattershot (6)
Scrolls
 d - a scroll of identify
Potions
 j - a potion of brilliance
 r - a potion of degeneration
Comestibles
 c - 6 rations
 l - 2 chunks of flesh


   Skills:
 - Level 3.2 Fighting
 + Level 5.1 Long Blades
 - Level 2.4 Dodging
 - Level 2.1 Stealth


You had 4 spell levels left.
You didn't know any spells.

Dungeon Overview and Level Annotations

Branches:
Dungeon (4/15)
 Temple: D:4-7

Altars:
The Shining One


Innate Abilities, Weirdness & Mutations

You are resistant to torment.
Your stone body is resilient. (AC +4)
You are immune to poison.
You resist negative energy. (rN+)
You are resistant to electric shocks. (rElec)
You can survive without breathing.
You are immune to petrification.
You are immune to rotting.


Message History

* * * LOW HITPOINT WARNING * * *
The bat hits you but does no damage.
It was a potion of degeneration.
There was something very wrong with that liquid.
You feel weakened.
You feel dopey.
You feel clumsy.
The gnoll closely misses you. x2; The gnoll barely misses you.
You riposte.
You closely miss the gnoll.
It was a potion of curing.
You feel better. The gnoll hits you but does no damage. The gnoll hits you.
* * * LOW HITPOINT WARNING * * *
The gnoll hits you but does no damage.
It was a potion of flight.
You feel very buoyant.
You fly up into the air.
The gnoll closely misses you. The gnoll hits you but does no damage.
You hit the gnoll but do no damage.
The gnoll hits you from afar with a halberd.
* * * LOW HITPOINT WARNING * * *
The gnoll barely misses you. The gnoll hits you.
You die...

#### .[.# ...# ...#
...# ### >..# #@## ##.#
#gg# ...### ***#gb#
.....#######*,,#g.#
............,,*#..#####
.....######****#..)...#
...#..#...#
###.....##****
..##..#...#
##......<.#,,,*
..##......#
#.........#,,,*


You could see 4 gnolls and a bat.

Vanquished Creatures
  A bullfrog skeleton (D:4)
  A centaur skeleton (D:4)
  2 adders
  2 dart slugs
  2 leopard geckos (D:2)
  3 giant cockroaches
  6 goblins
  7 hobgoblins
  8 bats
  3 frilled lizards
  6 kobolds
  6 rats
47 creatures vanquished.

Notes
Turn   | Place    | Note
-------+----------+-------------------------------------------
     0 | D:1      | Alarkh the Gargoyle Monk began the quest for the Orb.
     0 | D:1      | Reached XP level 1. HP: 14/14 MP: 1/1
    76 | D:1      | Reached skill level 3 in Long Blades
   366 | D:1      | Reached XP level 2. HP: 13/19 MP: 2/2
  1246 | D:1      | Reached XP level 3. HP: 23/23 MP: 3/3
  1493 | D:2      | Reached skill level 4 in Long Blades
  1775 | D:3      | Found a faded altar of an unknown god.
  1791 | D:4      | Reached XP level 4. HP: 27/28 MP: 4/4
  1807 | D:4      | Found a glowing golden altar of the Shining One.
  1951 | D:4      | Reached skill level 5 in Long Blades
  1951 | D:4      | Reached XP level 5. HP: 19/32 MP: 5/5
  2208 | D:3      | Slain by a gnoll

Skill      XL: |  1  2  3  4 |
---------------+-------------+-----
Long Blades    | 3 4 5 |  5.1
Fighting       | |  3.2
Dodging        | |  2.4
Stealth        | |  2.1

Action                   |  1- 3 |  4- 6 || total
-------------------------+-------+-------++-------
Melee: Falchion          |   107 |    31 ||   138
  Use: Potion            |     1 |     3 ||     4
       Scroll            |       |     4 ||     4
 Stab: Sleeping          |     2 |       ||     2
  Eat: Chunk             |     3 |     1 ||     4
Armor: Robe              |    10 |       ||    10
       Ring mail         |    42 |    35 ||    77
Dodge: Dodged            |    72 |    41 ||   113
       Rpst.: Falchion   |    25 |    10 ||    35
